 Dungeon Crawl Stone Soup version 0.31-a0-819-gf6de2f5ab6 (webtiles) character file.

Game seed: 13764578837054569589

12310 Joey1 the Severer (level 11, 0/107 HPs)
             Began as a Minotaur Berserker on Sept 24, 2023.
             Was a High Priest of Trog.
             Shot with a bolt by an orc warrior (20 damage)
             ... on level 9 of the Dungeon.
             The game lasted 00:32:39 (14070 turns).

Joey1 the Severer (Minotaur Berserker)             Turns: 14070, Time: 00:32:40

Health: 0/107      AC: 14    Str: 30    XL:     11   Next: 60%
Magic:  10/10      EV:  7    Int:  4    God:    Trog [*****.]
Gold:   401        SH:  9    Dex:  7    Spells: 10/10 levels left

rFire   . . .        L - +0 war axe
rCold   . . .        H - +0 kite shield
rNeg    . . .        C - +0 plate armour
rPois   +            E - +2 hat of the Wereyak {+Inv rPois Str+3 Stlth-}
rElec   .            (no cloak)
rCorr   .            (no gloves)
SInv    +            v - +0 pair of boots
Will    .....        (no amulet) Stlth
                     G - ring of flight
HPRegen 0.37/turn    (no ring)
MPRegen 0.12/turn

%: no passive effects
@: flying
A: horns 2, retaliatory headbutt, see invisible, clumsy 1
a: Renounce Religion, Evoke Invisibility, Berserk, Trog's Hand, Brothers in Arms


You were on level 9 of the Dungeon.
You worshipped Trog.
Trog was extremely pleased with you.
You visited 3 branches of the dungeon, and saw 13 of its levels.

You collected 769 gold pieces.
You spent 368 gold pieces at shops.

Inventory:

Hand Weapons
 a - a +0 hand axe
 o - a +2 flail of protection
 s - a +1 hand axe of flaming
 L - a +0 war axe (weapon)
Missiles
 d - a curare-tipped dart
 j - 6 silver javelins
 N - 3 throwing nets
Armour
 b - a +0 animal skin
 k - a +0 ring mail
 q - a +0 chain mail
 v - a +0 pair of boots (worn)
 C - a +0 plate armour (worn)
 E - the +2 hat of the Wereyak (worn) {+Inv rPois Str+3 Stlth-}
   (You found it on level 8 of the Dungeon)

   Str+3:     It affects your strength (+3).
   rPois:     It protects you from poison +Inv: It lets you turn invisible.
   Stlth-:    It makes you less stealthy.
 H - a +0 kite shield (worn)
 S - a +8 chain mail of ponderousness
Jewellery
 G - a ring of flight (left hand)
 M - a ring of poison resistance
 O - a +6 ring of dexterity
Wands
 p - a wand of polymorph (9)
 y - a wand of flame (31)
 z - a wand of paralysis (28)
 D - a wand of roots (12)
Scrolls
 c - a scroll of noise
 g - 6 scrolls of teleportation
 l - 4 scrolls of poison
 m - a scroll of immolation
 t - 3 scrolls of fog
 w - 4 scrolls of blinking
 x - a scroll of butterflies {unknown}
 J - a scroll of revelation {unknown}
 K - a scroll of identify
Potions
 e - a potion of brilliance
 f - 8 potions of curing
 h - 2 potions of magic
 i - 3 potions of mutation
 n - 4 potions of invisibility
 r - a potion of lignification
 u - a potion of haste
 A - 3 potions of resistance {unknown}
 B - 2 potions of degeneration {unknown}
 F - a potion of enlightenment {unknown}
 I - a potion of berserk rage {unknown}
 P - a potion of heal wounds
 Q - a potion of attraction {unknown}
 R - a potion of ambrosia {unknown}


   Skills:
 + Level 13.0 Fighting
 - Level 16.0 Axes
 - Level 3.0 Armour
 - Level 5.0 Dodging
 + Level 7.8 Shields


You had 10 spell levels left.
You didn't know any spells.
Your spell library was empty.

Dungeon Overview and Level Annotations

Branches:
Dungeon (10/15)            Temple (0/1) D:6            Lair (1/5) D:10
    Orc (2/2) D:9
    Elf: Orc:2

Altars:
Cheibriados
Dithmenos
Gozag
Hepliaklqana
Kikubaaqudgha
Nemelex Xobeh
Sif Muna
Uskayaw
Vehumet
Wu Jian
Yredelemnul
The Shining One

Shops:
D:4 *   D:7 ?   D:8 :

Annotations:
D:9 DocEon's ghost, novice DEHs
Lair:1 Fannar; Prince Ribbit


Innate Abilities, Weirdness & Mutations

You have a pair of horns on your head.
You reflexively headbutt those who attack you in melee.
You have supernaturally acute eyesight. (SInv)
You are clumsy. (Dex -2)


Message History

The orc warrior is severely wounded.
You block the orc warrior's attack.
You hit the orc warrior.
The orc warrior is almost dead.
The orc warrior hits you with a +0 flail!
The orc priest invokes the aid of Beogh against you.
Beogh smites you!
You closely miss the orc warrior.
The orc warrior is almost dead.
The orc priest invokes the aid of Beogh against you.
Beogh smites you! You block the orc warrior's attack.
You barely miss the orc warrior. You headbutt the orc warrior.
You kill the orc warrior!
Trog accepts your kill.
The orc warrior unwields a +0 halberd.
The orc warrior wields a +0 arbalest.
The orc warrior shoots a bolt.
The bolt hits you but does no damage.
The orc priest invokes the aid of Beogh against you.
Beogh smites you!
* * * LOW HITPOINT WARNING * * *
Things that are here:
a +0 flail; the +1 chain mail of Pantheism {Regen+}; an orc corpse You hit the orc warrior.
The orc warrior is moderately wounded.
The orc warrior unwields a +0 arbalest.
The orc warrior wields a +0 halberd.
You block the orc warrior's attack. You block the orc warrior's attack.
DocEon's ghost gestures wildly while chanting.
DocEon's ghost radiates an aura of fear!
You are terrified of DocEon's ghost!
The orc warrior unwields a +0 halberd.
The orc warrior wields a +0 arbalest.
The orc warrior shoots a bolt.
The bolt barely misses you.
DocEon's ghost frowns in concentration.
The orc warrior shoots a bolt.
The bolt hits you!
* * * LOW HITPOINT WARNING * * *
The orc warrior shoots a bolt.
The bolt closely misses you.
The orc warrior shoots a bolt.
You block the bolt.
You see here 5 poisoned darts.
You are no longer terrified.
The orc warrior shoots a bolt.
The bolt hits you!!
You die...

#oWo....#o.##..#.:
#o##.#..#.#ooo)###
#)##.#..oo#oo.[#.#
#.##....'.#W8._#.#
#.####..'.#oo..#.(
#.# #..#.#....#..
#.# #..#.o##..#..
#(# #..#..#8..#..
#@# #..#..##. #..
#.# #..#.... 8###
#.# #.8##########
#.#############.##
#.##..........[>..
#.#............[##
###.################
#.....:.............
####################


You could see an orc warrior.

Vanquished Creatures
  Harold (D:9)
  The ghost of randomguy2701 the Thaumaturge, a novice GnWn of Gozag (D:8)
  4 orc knights
  An orc sorcerer (Orc:2)
  The ghost of jvmiller the Covered, a novice HuFi of Dithmenos (D:6)
  A black mamba (D:10)
  Joseph (D:9)
  A cane toad (Lair:1)
  A hornet (D:9)
  A wyvern (D:8)
  A wraith (D:10)
  Eustachio (D:4)
  10 yaks
  A shadow (D:10)
  5 vampire mosquitoes
  2 wargs
  A water moccasin (Lair:1)
  5 orc warriors
  2 black bears
  A sky beast (D:6)
  A centaur (D:7)
  2 ogres
  3 phantoms
  2 kobold brigands
  Blork the orc (D:5)
  3 gnoll sergeants
  9 bullfrogs
  5 wights (D:8)
  6 killer bees (D:8)
  An electric eel (D:8)
  3 howler monkeys (D:5)
  3 quasits (D:8)
  6 orc priests
  2 gnoll boudas
  A hound (D:4)
  2 jellies
  Natasha (thrice) (D:2)
  12 orc wizards
  Terence (D:2)
  5 iguanas
  3 sleepcaps
  30 gnolls
  9 adders
  2 white imps
  An ufetubus (D:5)
  4 worms
  A dart slug (D:4)
  55 orcs
  5 ball pythons
  11 endoplasms
  6 giant cockroaches
  8 goblins
  8 hobgoblins
  5 jackals
  3 quokkas
  3 bats (D:2)
  2 frilled lizards
  15 kobolds
  2 rats
286 creatures vanquished.

Vanquished Creatures (others)
  An orc wizard (D:8)
1 creature vanquished.

Grand Total: 287 creatures vanquished

Notes
Turn   | Place    | Note
-------+----------+-------------------------------------------
     0 | D:1      | Joey1 the Minotaur Berserker began the quest for the Orb.
     0 | D:1      | Reached XP level 1. HP: 19/19 MP: 0/0
     1 | D:1      | Found a runed translucent door.
   812 | D:2      | Noticed Terence
   819 | D:2      | Reached XP level 2. HP: 25/27 MP: 1/1
   822 | D:1      | Reached skill level 4 in Axes
   919 | D:2      | Reached XP level 3. HP: 33/33 MP: 2/2
   967 | D:2      | Noticed Natasha
   973 | D:2      | Killed Natasha
  1037 | D:2      | Killed Terence
  1038 | D:2      | Reached skill level 5 in Axes
  1038 | D:2      | Reached XP level 4. HP: 40/40 MP: 3/3
  1254 | D:2      | Found a faded altar of an unknown god.
  1254 | D:2      | Noticed Natasha
  1260 | D:2      | Killed Natasha
  1260 | D:2      | Reached ** piety under Trog
  1261 | D:2      | Reached XP level 5. HP: 38/47 MP: 4/4
  1708 | D:2      | Noticed Natasha
  1717 | D:2      | Killed Natasha
  1946 | D:3      | Reached skill level 6 in Axes
  2214 | D:3      | You fall into a shaft and drop 1 floor!
  2226 | D:4      | Noticed an ogre
  2249 | D:4      | Found Lassipn's CLEARANCE SALE!.
  2257 | D:4      | Killed an ogre
  2258 | D:4      | Reached skill level 5 in Fighting
  2258 | D:4      | Reached XP level 6. HP: 56/56 MP: 5/5
  2296 | D:4      | Bought a scroll of teleportation for 12 gold pieces
  2296 | D:4      | Bought 2 potions of heal wounds for 40 gold pieces
  2296 | D:4      | Bought a scroll of teleportation for 12 gold pieces
  2482 | D:4      | Found a sparkling altar of Nemelex Xobeh.
  2482 | D:4      | Found an ornate altar of the Wu Jian Council.
  2482 | D:4      | Found an opulent altar of Gozag.
  2688 | D:4      | Reached skill level 7 in Axes
  2807 | D:4      | Reached *** piety under Trog
  2944 | D:5      | Entered Level 5 of the Dungeon
  3111 | D:5      | Noticed Blork the orc
  3112 | D:5      | Reached XP level 7. HP: 61/61 MP: 6/6
  3120 | D:5      | Killed Blork the orc
  3121 | D:5      | Reached skill level 8 in Axes
  3123 | D:5      | Reached skill level 5 in Dodging
  3323 | D:5      | Reached skill level 9 in Axes
  3716 | D:5      | Noticed Eustachio
  3745 | D:4      | Gained mutation: You are clumsy. (Dex -2) [potion of
                  | mutation]
  3745 | D:4      | Gained mutation: You have supernaturally acute eyesight.
                  | (SInv) [potion of mutation]
  4091 | D:5      | Reached XP level 8. HP: 68/68 MP: 7/7
  4110 | D:5      | Reached skill level 10 in Axes
  4457 | D:5      | Found a snail-covered altar of Cheibriados.
  4808 | D:6      | Reached skill level 11 in Axes
  4867 | D:6      | Found a hazy altar of Hepliaklqana.
  4872 | D:6      | Reached **** piety under Trog
  4948 | D:6      | Reached skill level 12 in Axes
  5180 | D:6      | Found a staircase to the Ecumenical Temple.
  5252 | D:6      | Found a runed translucent door.
  5276 | D:6      | Noticed jvmiller's ghost (novice HuFi)
  5745 | D:7      | Reached XP level 9. HP: 60/74 MP: 8/8
  5838 | D:7      | Reached skill level 13 in Axes
  6042 | D:7      | Found Sitisef's Magic Scroll Emporium.
  6047 | D:7      | Bought a scroll of fear for 64 gold pieces
  6047 | D:7      | Bought a scroll of blinking for 120 gold pieces
  6047 | D:7      | Bought a scroll of blinking for 120 gold pieces
  6576 | D:8      | Found a transporter.
  6603 | D:8      | Found a transporter.
  6608 | D:8      | Noticed randomguy2701's ghost (novice GnWn)
  6644 | D:8      | Found a shadowy altar of Dithmenos.
  6650 | D:8      | Reached skill level 14 in Axes
  6678 | D:8      | Found a hide-covered altar of Uskayaw.
  6691 | D:8      | Identified the +2 hat of the Wereyak {+Inv rPois Str+3
                  | Stlth-}
  7263 | D:8      | Found Pooto's Vocational Training.
  7844 | D:9      | Found a staircase to the Orcish Mines.
  7983 | D:9      | Reached XP level 10. HP: 77/93 MP: 9/9
  7987 | D:9      | Reached skill level 10 in Fighting
  8331 | D:9      | Found a runed translucent gate.
  8331 | D:9      | Identified the +1 chain mail of Pantheism {Regen+}
  8332 | D:9      | Found a runed translucent gate.
  8334 | D:9      | Found a runed translucent gate.
  8335 | D:9      | Noticed DocEon's ghost (novice DEHs)
  8475 | D:9      | Noticed Joseph
  8492 | D:9      | Killed Joseph
  8493 | D:9      | Reached skill level 1 in Shields
  8954 | D:9      | Found a radiant altar of Vehumet.
  8996 | D:9      | Found an ancient bone altar of Kikubaaqudgha.
  8997 | D:9      | Found a shimmering blue altar of Sif Muna.
  9363 | D:10     | Entered Level 10 of the Dungeon
  9602 | D:10     | Found a glowing golden altar of the Shining One.
  9611 | D:10     | Found a basalt altar of Yredelemnul.
  9613 | D:10     | Noticed a profane servitor
  9899 | D:10     | Reached ***** piety under Trog
 10291 | D:10     | Found a staircase to the Lair.
 10349 | D:10     | Reached skill level 15 in Axes
 10567 | D:10     | Found a runed translucent door.
 10723 | D:10     | Noticed an orc knight
 10723 | D:10     | Noticed an orc knight
 10723 | D:10     | Noticed an orc knight
 10724 | D:10     | Noticed an orc knight
 10927 | Orc:1    | Entered Level 1 of the Orcish Mines
 10977 | Orc:1    | Reached skill level 5 in Shields
 10984 | Orc:1    | Noticed Harold
 11027 | D:9      | Killed Harold
 11028 | D:9      | Reached XP level 11. HP: 42/104 MP: 10/10
 11389 | Orc:2    | Entered Level 2 of the Orcish Mines
 11407 | Orc:2    | Noticed an orc sorcerer
 11412 | Orc:2    | Noticed an orc knight
 11418 | Orc:2    | Killed an orc sorcerer
 11699 | D:9      | Killed an orc knight
 11863 | D:10     | Killed an orc knight
 12082 | D:10     | Killed an orc knight
 12307 | D:10     | Killed an orc knight
 12975 | D:4      | Found Lassipn's CLEARANCE SALE!.
 13032 | D:4      | Killed Eustachio
 13128 | D:6      | Killed jvmiller's ghost
 13287 | D:8      | Killed randomguy2701's ghost
 13420 | Lair:1   | Entered Level 1 of the Lair of Beasts
 13726 | Lair:1   | Noticed Fannar
 13805 | Lair:1   | Noticed Prince Ribbit
 13817 | D:10     | Reached skill level 16 in Axes
 14070 | D:9      | Shot with a bolt by an orc warrior

Illustrated notes

Levels and vault maps discovered:
D:1:      dpeg_arrival_caged_fury, layout_basic
D:2:      wad_river_or_something, layout_basic, basic_ecumenical_altar,
          uniq_natasha, uniq_terence
D:3:      layout_loops_cross
D:4:      cheibrodos_greedy_goblins, layout_loops_ring,
          chequers_temple_overflow_statue_of_worship, st_stairs_9,
          nicolae_shop_clearance
D:5:      layout_basic, lemuel_coloured_pillars_altar, hex_large,
          uniq_eustachio, uniq_blork_the_orc
D:6:      layout_loops_ring, nicolae_overflow_crystal_walls, temple_doors_e,
          ebering_ghost_sewer_d
D:7:      layout_basic, serial_shops, shop
D:8:      layout_basic, nicolae_overflow_squiral, gammafunk_ghost_stat_death,
          nicolae_shop_vocational
D:9:      layout_basic, grunt_temple_overflow_magic_moments, erik_orc_3,
          biasface_ghost_orc_armoury, uniq_joseph
D:10:     layout_loops_cross, grunt_temple_overflow_holy_war, lair_entry_dummy,
          lightli_church_of_beogh
Lair:1:   layout_chaotic_city, uniq_sonja, uniq_prince_ribbit2, uniq_fannar
Orc:1:    layout_diamond_mine, serial_shops, nicolae_shop_advertising_works
          [nicolae_subvault_shop_adworks], bh_open_orc_temple, uniq_harold
Orc:2:    st_orc_elflike, layout_caves, serial_shops, nicolae_shop_hallway_plus,
          uniq_jorgrun

Skill      XL: |  1  2  3  4  5  6  7  8  9 10 11 |
---------------+----------------------------------+-----
Axes           | 4 5 6 7 9 12 14 15 16 | 16.0
Fighting       | 4 5 9 11 13 | 13.0
Armour         | 3 |  3.0
Dodging        | 3 4 5 |  5.0
Shields        | 5 7 |  7.8

Action                     |  1- 3 |  4- 6 |  7- 9 | 10-12 || total
---------------------------+-------+-------+-------+-------++-------
  Melee: Hand axe          |    50 |   162 |   418 |   187 ||   817
         Headbutt          |    13 |    25 |    67 |    57 ||   162
         Punch             |     1 |     1 |     4 |       ||     6
         Unarmed           |       |     4 |       |       ||     4
         War axe           |       |       |       |   210 ||   210
 Invoke: Berserk           |     1 |     2 |     3 |     6 ||    12
         Trog's Hand       |       |       |     1 |     1 ||     2
    Use: Potion            |       |       |     4 |       ||     4
         Scroll            |       |       |    11 |     1 ||    12
 Armour: Animal skin       |     7 |       |       |       ||     7
         Ring mail         |    18 |    32 |       |       ||    50
         Chain mail        |       |    75 |   303 |   141 ||   519
         Skin              |       |     3 |       |       ||     3
         Plate armour      |       |       |       |   124 ||   124
  Dodge: Dodged            |    26 |    73 |   163 |   117 ||   379
  Block: Kite shield       |       |       |       |   126 ||   126

Table legend: (Time is in decaauts)
 A = Elapsed time spent in this place.
 B = Non-inter-level travel time spent in this place.
 C = Inter-level travel time spent in this place.
 D = Time resting spent in this place.
 E = Time spent auto-exploring this place.
 F = Levels seen in this place.
 G = Mean time per level.
                   A        B        C        D        E       F      G
               +--------+--------+--------+--------+--------+-----+--------+
         Total |  13991 |  12787 |   1204 |   2560 |   7606 |  13 | 1076.2 |
       Dungeon |  13086 |  11915 |   1171 |   2341 |   7192 |  10 | 1308.6 |
          Lair |    385 |    385 |      0 |      0 |    265 |   1 |  385.0 |
  Orcish Mines |    519 |    486 |     33 |    219 |    149 |   2 |  259.5 |
               +--------+--------+--------+--------+--------+-----+--------+

Top non-repeatable levels by time:
    D:10: 2367 daAuts
     D:9: 2347 daAuts
     D:5: 1545 daAuts
     D:8: 1497 daAuts
     D:4: 1128 daAuts
     D:6: 1015 daAuts
     D:2: 981 daAuts
     D:1: 901 daAuts
     D:7: 851 daAuts
   Orc:1: 478 daAuts
     D:3: 449 daAuts
  Lair:1: 385 daAuts
   Orc:2: 40 daAuts
